[ AOE2 MATCH · #495660384 ]
UnrankedSaracens vs Huns
[ REPLAY ANALYSIS · EXTRACTED FROM THE RECORDED GAME ]
Feudal
14:11
Castle
18:41
Imperial
37:46
| APM avg | 37.8 |
| APM peak | 83 |
| eAPM avg | 21.5 |
| Villagers / military | 113 / 75 |
Focus
⚔️ 29.6% · 🌾 70.4%
Mameluke ×69 · Fishing Ship ×22 · Trebuchet (Packed) ×6
Feudal
12:45
Castle
18:01
Imperial
34:03
| APM avg | 21.8 |
| APM peak | 49 |
| eAPM avg | 15.2 |
| Villagers / military | 184 / 138 |
Focus
⚔️ 33.0% · 🌾 67.0%
Tarkan ×125 · Cavalry Archer ×10 · Archer ×2 · Monk ×1
Feudal
13:43
Castle
19:58
Imperial
40:42
| APM avg | 20.0 |
| APM peak | 43 |
| eAPM avg | 14.4 |
| Villagers / military | 162 / 59 |
Focus
⚔️ 21.3% · 🌾 78.7%
Battle Elephant ×43 · Rattan Archer ×12 · Trebuchet (Packed) ×4
Feudal
12:51
Castle
17:01
Imperial
—
| APM avg | 36.7 |
| APM peak | 93 |
| eAPM avg | 17.8 |
| Villagers / military | 64 / 39 |
Focus
⚔️ 24.3% · 🌾 75.7%
Archer ×39
Feudal
12:05
Castle
19:45
Imperial
38:25
| APM avg | 28.9 |
| APM peak | 95 |
| eAPM avg | 17.3 |
| Villagers / military | 127 / 69 |
Focus
⚔️ 50.1% · 🌾 49.9%
Eagle Scout ×28 · Skirmisher ×15 · Spearman ×13 · Jaguar Warrior ×6 · Trebuchet (Packed) ×4 · Militia ×3
Feudal
12:40
Castle
18:05
Imperial
41:15
| APM avg | 33.9 |
| APM peak | 67 |
| eAPM avg | 12.7 |
| Villagers / military | 113 / 110 |
Focus
⚔️ 27.2% · 🌾 72.8%
Bolas Rider ×110
Feudal
14:13
Castle
18:14
Imperial
32:48
| APM avg | 30.2 |
| APM peak | 56 |
| eAPM avg | 21.8 |
| Villagers / military | 163 / 100 |
Focus
⚔️ 35.1% · 🌾 64.9%
Spearman ×92 · Unknown (2550) ×66 · Unknown (2582) ×7 · Trebuchet (Packed) ×6 · Monk ×2
Feudal
—
Castle
—
Imperial
—
| APM avg | 12.6 |
| APM peak | 72 |
| eAPM avg | 4.7 |
| Villagers / military | 32 / 0 |
Focus
⚔️ 14.7% · 🌾 85.3%
Fishing Ship ×5
Match map
Initial resources + every placement click. Lines = walls · curves = elevation contours. ◆ gold · ⬟ stone · ● berries · ✦ relic · ◌ wall gap
Your base· Open — 10t gap
自娱自乐's base· Open — unwalled flank
commandokris's base· Open — 10t gap
三月's base· Open — 13t gap
Dadagama's base· Open — unwalled flank
Valodimer's base· Open — unwalled flank
El Wicho's base· Open — 6t gap
狸狸's base· Open — unwalled flank
Smoothed initial terrain · ◌ = detected wall gap · hover for details
Inputs per minute
— thefacelessz23 - - 自娱自乐
Build order — thefacelessz23
First 150 of 362 actions detected
| 0:54 | Build | Town Center |
| 2:33 | Build | House |
| 2:34 | Build | House |
| 2:59 | Queue | Villager (Male) |
| 2:59 | Queue | Villager (Male) |
| 3:00 | Queue | Villager (Male) |
| 3:00 | Queue | Villager (Male) |
| 3:50 | Queue | Villager (Male) |
| 3:51 | Build | Lumber Camp |
| 4:54 | Queue | Villager (Male) |
| 4:56 | Queue | Villager (Male) |
| 5:27 | Queue | Villager (Male) |
| 5:35 | Build | House |
| 5:36 | Build | House |
| 5:56 | Research | Loom |
| 6:03 | Build | House |
| 6:17 | Build | House |
| 6:32 | Queue | Villager (Male) |
| 6:49 | Build | Dock |
| 7:03 | Queue | Villager (Male) |
| 7:28 | Queue | Fishing Ship |
| 7:31 | Queue | Villager (Male) |
| 7:53 | Queue | Villager (Male) |
| 8:03 | Queue | Fishing Ship |
| 8:20 | Queue | Villager (Male) |
| 8:35 | Queue | Fishing Ship |
| 8:39 | Build | House |
| 8:53 | Queue | Villager (Male) |
| 9:08 | Queue | Fishing Ship |
| 9:13 | Build | House |
| 9:14 | Build | House |
| 9:28 | Queue | Villager (Male) |
| 9:41 | Queue | Villager (Male) |
| 9:52 | Build | Mill |
| 10:07 | Queue | Villager (Male) |
| 10:19 | Queue | Fishing Ship |
| 10:38 | Queue | Villager (Male) |
| 10:49 | Build | House |
| 11:07 | Queue | Villager (Male) |
| 11:16 | Queue | Villager (Male) |
| 11:42 | Build | Mining Camp |
| 12:02 | Research | Feudal Age |
| 12:51 | Queue | Villager (Male) |
| 13:49 | Queue | Villager (Male) |
| 13:49 | Queue | Villager (Male) |
| 14:11 | Age | Feudal Age |
| 14:16 | Build | Market |
| 14:19 | Build | Blacksmith |
| 14:30 | Build | Fish Trap |
| 14:36 | Build | Fish Trap |
| 14:38 | Build | Fish Trap |
| 14:42 | Build | Fish Trap |
| 15:13 | Build | Mining Camp |
| 15:15 | Build | Palisade Wall |
| 15:36 | Queue | Villager (Male) |
| 15:38 | Build | Fish Trap |
| 15:44 | Build | House |
| 15:47 | Build | Palisade Wall |
| 15:54 | Research | Castle Age |
| 16:10 | Build | Outpost |
| 16:26 | Build | Outpost |
| 16:42 | Build | Dock |
| 16:50 | Research | Double-Bit Axe |
| 17:26 | Queue | Fishing Ship |
| 17:39 | Queue | Fishing Ship |
| 17:44 | Queue | Villager (Male) |
| 17:59 | Queue | Fishing Ship |
| 18:07 | Build | Fish Trap |
| 18:27 | Queue | Fishing Ship |
| 18:41 | Age | Castle Age |
| 18:48 | Build | Castle |
| 18:54 | Queue | Villager (Male) |
| 18:59 | Queue | Fishing Ship |
| 19:01 | Queue | Fishing Ship |
| 19:27 | Queue | Villager (Male) |
| 19:30 | Build | House |
| 19:32 | Build | House |
| 19:44 | Build | Fish Trap |
| 19:45 | Queue | Fishing Ship |
| 20:08 | Build | Town Center |
| 20:20 | Queue | Mameluke |
| 20:21 | Queue | Mameluke |
| 20:32 | Queue | Villager (Male) |
| 20:35 | Build | Mining Camp |
| 20:50 | Queue | Mameluke |
| 20:54 | Build | Fish Trap |
| 20:56 | Queue | Mameluke |
| 20:57 | Queue | Villager (Male) |
| 21:20 | Research | Scale Barding Armor |
| 21:29 | Queue | Villager (Male) |
| 21:32 | Queue | Villager (Male) |
| 21:51 | Queue | Villager (Male) |
| 22:06 | Build | Barracks |
| 22:11 | Queue | Fishing Ship |
| 22:19 | Queue | Fishing Ship |
| 22:23 | Queue | Fishing Ship |
| 22:24 | Queue | Mameluke |
| 22:39 | Queue | Villager (Male) |
| 23:02 | Build | Fish Trap |
| 23:13 | Queue | Mameluke |
| 23:19 | Queue | Mameluke |
| 23:23 | Build | Fish Trap |
| 23:23 | Queue | Villager (Male) |
| 23:37 | Build | Stable |
| 23:46 | Queue | Villager (Male) |
| 23:56 | Build | Fish Trap |
| 24:06 | Research | Forging |
| 24:15 | Queue | Villager (Male) |
| 24:37 | Queue | Mameluke |
| 24:39 | Queue | Villager (Male) |
| 24:42 | Build | Town Center |
| 24:53 | Build | Town Center |
| 25:01 | Queue | Fishing Ship |
| 25:04 | Queue | Fishing Ship |
| 25:25 | Queue | Mameluke |
| 25:32 | Research | Husbandry |
| 25:43 | Build | Fish Trap |
| 25:46 | Build | Fish Trap |
| 25:51 | Queue | Villager (Male) |
| 25:51 | Queue | Villager (Male) |
| 25:53 | Build | Fish Trap |
| 26:05 | Build | Castle |
| 26:15 | Build | Fish Trap |
| 26:31 | Queue | Mameluke |
| 26:32 | Queue | Mameluke |
| 26:45 | Queue | Villager (Male) |
| 26:45 | Queue | Villager (Male) |
| 26:49 | Build | Fish Trap |
| 26:53 | Build | Fish Trap |
| 26:55 | Queue | Fishing Ship |
| 27:00 | Queue | Villager (Male) |
| 27:14 | Queue | Mameluke |
| 27:23 | Queue | Villager (Male) |
| 27:25 | Queue | Villager (Male) |
| 27:28 | Build | Farm |
| 27:32 | Build | Farm |
| 27:33 | Build | Farm |
| 27:33 | Build | Farm |
| 27:33 | Build | Farm |
| 27:35 | Queue | Villager (Male) |
| 27:42 | Build | Fish Trap |
| 27:49 | Queue | Mameluke |
| 27:50 | Queue | Villager (Male) |
| 28:06 | Queue | Fishing Ship |
| 28:11 | Queue | Villager (Male) |
| 28:17 | Research | Horse Collar |
| 28:19 | Build | Farm |
| 28:20 | Build | Farm |
| 28:21 | Build | Farm |
| 28:26 | Queue | Villager (Male) |
Build order — 自娱自乐
First 150 of 366 actions detected
| 0:39 | Build | Town Center |
| 3:04 | Queue | Villager (Male) |
| 3:05 | Queue | Villager (Male) |
| 3:05 | Queue | Villager (Male) |
| 3:05 | Queue | Villager (Male) |
| 3:05 | Queue | Villager (Male) |
| 4:03 | Queue | Villager (Male) |
| 4:03 | Queue | Villager (Male) |
| 4:03 | Queue | Villager (Male) |
| 4:28 | Queue | Villager (Male) |
| 4:28 | Queue | Villager (Male) |
| 4:28 | Queue | Villager (Male) |
| 5:01 | Queue | Villager (Male) |
| 5:01 | Queue | Villager (Male) |
| 5:01 | Queue | Villager (Male) |
| 5:15 | Build | Lumber Camp |
| 5:21 | Queue | Villager (Male) |
| 5:21 | Queue | Villager (Male) |
| 5:21 | Queue | Villager (Male) |
| 5:49 | Queue | Villager (Male) |
| 5:50 | Queue | Villager (Male) |
| 6:15 | Queue | Villager (Male) |
| 6:16 | Queue | Villager (Male) |
| 6:16 | Queue | Villager (Male) |
| 6:37 | Queue | Villager (Male) |
| 6:37 | Queue | Villager (Male) |
| 6:54 | Queue | Villager (Male) |
| 6:54 | Queue | Villager (Male) |
| 6:54 | Queue | Villager (Male) |
| 7:17 | Queue | Villager (Male) |
| 7:17 | Queue | Villager (Male) |
| 8:06 | Queue | Villager (Male) |
| 8:07 | Queue | Villager (Male) |
| 8:07 | Queue | Villager (Male) |
| 8:13 | Queue | Villager (Male) |
| 8:13 | Queue | Villager (Male) |
| 8:37 | Queue | Villager (Male) |
| 8:54 | Build | Mill |
| 8:58 | Queue | Villager (Male) |
| 10:31 | Research | Feudal Age |
| 10:32 | Research | Feudal Age |
| 10:41 | Build | Mining Camp |
| 11:20 | Build | Barracks |
| 11:58 | Research | Loom |
| 11:59 | Queue | Villager (Male) |
| 12:45 | Age | Feudal Age |
| 12:46 | Build | Archery Range |
| 12:55 | Queue | Villager (Male) |
| 12:59 | Research | Double-Bit Axe |
| 12:59 | Research | Double-Bit Axe |
| 13:29 | Queue | Archer |
| 13:30 | Queue | Archer |
| 13:50 | Queue | Villager (Male) |
| 14:17 | Queue | Villager (Male) |
| 14:19 | Build | Blacksmith |
| 15:21 | Research | Castle Age |
| 15:21 | Research | Castle Age |
| 15:28 | Research | Horse Collar |
| 15:28 | Research | Horse Collar |
| 15:51 | Research | Gold Mining |
| 15:52 | Research | Gold Mining |
| 17:18 | Research | Fletching |
| 17:41 | Queue | Villager (Male) |
| 18:01 | Age | Castle Age |
| 18:03 | Build | Town Center |
| 18:09 | Queue | Villager (Male) |
| 18:13 | Build | Town Center |
| 18:17 | Research | Bow Saw |
| 18:17 | Research | Bow Saw |
| 18:18 | Queue | Villager (Male) |
| 18:38 | Queue | Villager (Male) |
| 18:43 | Queue | Cavalry Archer |
| 18:46 | Queue | Villager (Male) |
| 18:52 | Queue | Villager (Male) |
| 19:01 | Queue | Villager (Male) |
| 19:23 | Queue | Villager (Male) |
| 19:27 | Build | Farm |
| 19:30 | Build | Farm |
| 19:33 | Build | Farm |
| 19:35 | Queue | Villager (Male) |
| 19:39 | Queue | Villager (Male) |
| 19:46 | Queue | Villager (Male) |
| 19:52 | Queue | Villager (Male) |
| 20:02 | Queue | Villager (Male) |
| 20:02 | Queue | Villager (Male) |
| 20:03 | Queue | Villager (Male) |
| 20:04 | Queue | Cavalry Archer |
| 20:05 | Queue | Cavalry Archer |
| 20:17 | Build | Farm |
| 20:26 | Queue | Villager (Male) |
| 20:26 | Queue | Villager (Male) |
| 20:33 | Queue | Villager (Male) |
| 20:33 | Queue | Villager (Male) |
| 20:45 | Build | Farm |
| 20:46 | Build | Farm |
| 20:47 | Queue | Villager (Male) |
| 20:47 | Queue | Villager (Male) |
| 20:55 | Queue | Cavalry Archer |
| 21:08 | Queue | Villager (Male) |
| 21:08 | Queue | Villager (Male) |
| 21:20 | Build | Lumber Camp |
| 21:22 | Queue | Villager (Male) |
| 21:22 | Queue | Villager (Male) |
| 21:22 | Queue | Villager (Male) |
| 21:32 | Build | Mill |
| 21:40 | Queue | Villager (Male) |
| 21:40 | Queue | Villager (Male) |
| 21:43 | Queue | Villager (Male) |
| 21:43 | Queue | Villager (Male) |
| 21:43 | Queue | Villager (Male) |
| 21:59 | Queue | Villager (Male) |
| 22:00 | Queue | Villager (Male) |
| 22:00 | Queue | Villager (Male) |
| 22:16 | Build | Farm |
| 22:18 | Queue | Villager (Male) |
| 22:18 | Queue | Villager (Male) |
| 22:18 | Queue | Villager (Male) |
| 22:31 | Queue | Villager (Male) |
| 22:31 | Queue | Villager (Male) |
| 22:31 | Queue | Villager (Male) |
| 22:46 | Queue | Villager (Male) |
| 22:46 | Queue | Villager (Male) |
| 22:57 | Queue | Cavalry Archer |
| 22:58 | Queue | Villager (Male) |
| 22:58 | Queue | Villager (Male) |
| 23:01 | Queue | Villager (Male) |
| 23:01 | Queue | Villager (Male) |
| 23:01 | Queue | Villager (Male) |
| 23:02 | Queue | Villager (Male) |
| 23:06 | Build | Monastery |
| 23:11 | Queue | Villager (Male) |
| 23:12 | Queue | Villager (Male) |
| 23:17 | Queue | Villager (Male) |
| 23:18 | Queue | Villager (Male) |
| 23:18 | Queue | Villager (Male) |
| 23:22 | Build | Farm |
| 23:26 | Build | Farm |
| 23:28 | Queue | Villager (Male) |
| 23:28 | Queue | Villager (Male) |
| 23:32 | Queue | Villager (Male) |
| 23:32 | Queue | Villager (Male) |
| 23:41 | Build | Farm |
| 23:42 | Build | Farm |
| 23:47 | Build | Farm |
| 23:50 | Queue | Villager (Male) |
| 23:50 | Queue | Villager (Male) |
| 23:50 | Queue | Villager (Male) |
| 23:50 | Queue | Villager (Male) |
| 23:59 | Queue | Villager (Male) |
| 23:59 | Queue | Villager (Male) |
Build order — commandokris
First 150 of 292 actions detected
| 0:10 | Build | House |
| 0:12 | Build | House |
| 0:46 | Build | Town Center |
| 2:30 | Build | Palisade Wall |
| 2:30 | Build | Palisade Wall |
| 2:31 | Build | Palisade Wall |
| 2:32 | Build | Palisade Wall |
| 2:40 | Build | Palisade Wall |
| 2:52 | Queue | Villager (Male) |
| 2:52 | Queue | Villager (Male) |
| 2:52 | Queue | Villager (Male) |
| 2:52 | Queue | Villager (Male) |
| 2:53 | Queue | Villager (Male) |
| 4:02 | Queue | Villager (Male) |
| 4:02 | Queue | Villager (Male) |
| 4:41 | Queue | Villager (Male) |
| 5:16 | Queue | Villager (Male) |
| 5:16 | Queue | Villager (Male) |
| 5:16 | Queue | Villager (Male) |
| 5:18 | Build | Lumber Camp |
| 6:06 | Queue | Villager (Male) |
| 6:42 | Queue | Villager (Male) |
| 6:43 | Queue | Villager (Male) |
| 6:52 | Queue | Villager (Male) |
| 7:17 | Build | Mill |
| 7:28 | Queue | Villager (Male) |
| 7:38 | Build | House |
| 7:45 | Queue | Villager (Male) |
| 7:45 | Queue | Villager (Male) |
| 8:05 | Build | House |
| 8:07 | Build | House |
| 8:23 | Queue | Villager (Male) |
| 8:51 | Queue | Villager (Male) |
| 8:51 | Queue | Villager (Male) |
| 9:17 | Queue | Villager (Male) |
| 9:17 | Queue | Villager (Male) |
| 10:04 | Build | Barracks |
| 10:35 | Build | Mining Camp |
| 10:42 | Queue | Villager (Male) |
| 10:56 | Build | House |
| 11:33 | Research | Feudal Age |
| 12:04 | Queue | Villager (Male) |
| 13:43 | Age | Feudal Age |
| 13:46 | Queue | Villager (Male) |
| 13:47 | Queue | Villager (Male) |
| 13:49 | Queue | Villager (Male) |
| 13:56 | Build | Market |
| 13:59 | Build | Blacksmith |
| 15:32 | Queue | Villager (Male) |
| 15:32 | Queue | Villager (Male) |
| 15:32 | Queue | Villager (Male) |
| 15:32 | Queue | Villager (Male) |
| 15:37 | Build | Farm |
| 17:18 | Research | Castle Age |
| 17:55 | Research | Double-Bit Axe |
| 18:02 | Research | Horse Collar |
| 18:18 | Queue | Villager (Male) |
| 19:13 | Build | Farm |
| 19:13 | Build | Farm |
| 19:13 | Build | Farm |
| 19:14 | Build | Farm |
| 19:14 | Build | Farm |
| 19:14 | Build | Farm |
| 19:14 | Build | Farm |
| 19:15 | Build | Farm |
| 19:58 | Age | Castle Age |
| 20:03 | Build | Town Center |
| 20:09 | Build | Town Center |
| 20:32 | Build | Town Center |
| 20:41 | Queue | Villager (Male) |
| 20:43 | Queue | Villager (Male) |
| 20:45 | Research | Bow Saw |
| 20:47 | Queue | Villager (Male) |
| 20:48 | Build | Farm |
| 20:52 | Research | Heavy Plow |
| 21:03 | Research | Loom |
| 21:07 | Queue | Villager (Male) |
| 21:07 | Queue | Villager (Male) |
| 21:19 | Build | Farm |
| 21:43 | Build | Palisade Wall |
| 21:48 | Build | Palisade Gate |
| 21:51 | Queue | Villager (Male) ×5 |
| 21:54 | Queue | Villager (Male) ×3 |
| 22:02 | Build | Farm |
| 22:02 | Build | Farm |
| 22:03 | Build | Farm |
| 22:03 | Build | Farm |
| 22:03 | Build | Farm |
| 22:04 | Build | Farm |
| 22:19 | Build | Farm |
| 22:19 | Build | Farm |
| 22:19 | Build | Farm |
| 22:20 | Build | Farm |
| 22:29 | Build | Mining Camp |
| 22:32 | Queue | Villager (Male) |
| 22:32 | Queue | Villager (Male) |
| 22:32 | Queue | Villager (Male) |
| 22:40 | Build | Farm |
| 22:40 | Build | Farm |
| 22:40 | Build | Farm |
| 22:41 | Build | Farm |
| 22:53 | Build | Farm |
| 22:58 | Queue | Villager (Male) |
| 22:58 | Queue | Villager (Male) |
| 23:03 | Queue | Villager (Male) |
| 23:04 | Queue | Villager (Male) |
| 23:11 | Queue | Villager (Male) |
| 23:11 | Queue | Villager (Male) |
| 23:12 | Queue | Villager (Male) |
| 23:26 | Queue | Villager (Male) |
| 23:28 | Queue | Villager (Male) |
| 23:40 | Build | House |
| 23:41 | Build | House |
| 23:41 | Build | House |
| 23:41 | Build | House |
| 23:41 | Build | House |
| 23:42 | Build | House |
| 23:42 | Build | House |
| 23:42 | Build | House |
| 23:42 | Build | House |
| 23:46 | Queue | Villager (Male) ×2 |
| 23:54 | Research | Wheelbarrow |
| 24:04 | Queue | Villager (Male) |
| 24:16 | Queue | Villager (Male) |
| 24:16 | Queue | Villager (Male) |
| 24:17 | Queue | Villager (Male) |
| 24:27 | Build | University |
| 24:42 | Queue | Villager (Male) ×5 |
| 24:52 | Build | Lumber Camp |
| 24:55 | Build | Lumber Camp |
| 25:02 | Queue | Villager (Male) |
| 25:02 | Queue | Villager (Male) |
| 25:02 | Queue | Villager (Male) |
| 25:02 | Queue | Villager (Male) |
| 25:18 | Research | Stone Mining |
| 25:23 | Build | Farm |
| 25:23 | Build | Farm |
| 25:23 | Build | Farm |
| 25:24 | Build | Farm |
| 25:24 | Build | Farm |
| 25:24 | Build | Farm |
| 25:35 | Research | Town Watch |
| 25:36 | Queue | Villager (Male) |
| 25:36 | Queue | Villager (Male) |
| 25:37 | Queue | Villager (Male) |
| 25:37 | Queue | Villager (Male) |
| 25:37 | Queue | Villager (Male) |
| 25:45 | Research | Treadmill Crane |
| 25:51 | Build | Archery Range |
| 25:58 | Queue | Villager (Male) ×3 |
Build order — 三月
First 150 of 161 actions detected
| 0:07 | Build | Town Center |
| 0:14 | Build | House |
| 2:20 | Queue | Villager (Male) |
| 2:21 | Queue | Villager (Male) |
| 2:21 | Queue | Villager (Male) |
| 2:21 | Queue | Villager (Male) |
| 2:22 | Queue | Villager (Male) |
| 2:47 | Build | House |
| 3:11 | Build | House |
| 3:30 | Build | House |
| 3:39 | Build | House |
| 4:01 | Queue | Villager (Male) |
| 4:01 | Queue | Villager (Male) |
| 4:01 | Queue | Villager (Male) |
| 4:14 | Build | House |
| 4:54 | Queue | Villager (Male) |
| 4:54 | Queue | Villager (Male) |
| 4:54 | Queue | Villager (Male) |
| 4:55 | Queue | Villager (Male) |
| 5:10 | Build | Lumber Camp |
| 5:14 | Build | Lumber Camp |
| 5:33 | Research | Loom |
| 5:35 | Queue | Villager (Male) |
| 5:35 | Queue | Villager (Male) |
| 5:36 | Queue | Villager (Male) |
| 6:28 | Queue | Villager (Male) |
| 6:28 | Queue | Villager (Male) |
| 6:29 | Queue | Villager (Male) |
| 6:29 | Queue | Villager (Male) |
| 6:33 | Build | House |
| 6:51 | Queue | Villager (Male) |
| 7:03 | Build | House |
| 7:19 | Queue | Villager (Male) |
| 7:37 | Queue | Villager (Male) |
| 7:48 | Queue | Villager (Male) |
| 8:06 | Queue | Villager (Male) |
| 8:31 | Queue | Villager (Male) |
| 8:35 | Build | House |
| 8:48 | Build | House |
| 9:00 | Queue | Villager (Male) |
| 9:01 | Queue | Villager (Male) |
| 9:35 | Build | House |
| 10:09 | Build | Mining Camp |
| 10:41 | Research | Feudal Age |
| 10:41 | Research | Feudal Age |
| 11:49 | Build | Mill |
| 11:56 | Queue | Villager (Male) |
| 12:07 | Build | Barracks |
| 12:25 | Queue | Villager (Male) |
| 12:51 | Age | Feudal Age |
| 12:57 | Build | Archery Range |
| 13:00 | Queue | Villager (Male) |
| 13:19 | Build | Blacksmith |
| 13:33 | Queue | Villager (Male) |
| 14:21 | Research | Castle Age |
| 14:43 | Build | Mining Camp |
| 14:48 | Build | House |
| 14:50 | Build | House |
| 14:52 | Build | Palisade Wall |
| 14:54 | Build | Palisade Wall |
| 15:34 | Queue | Archer |
| 15:34 | Queue | Archer |
| 15:44 | Build | Palisade Wall |
| 15:45 | Build | Palisade Wall |
| 15:46 | Build | Palisade Wall |
| 15:49 | Build | Palisade Wall |
| 15:50 | Build | Palisade Wall |
| 15:52 | Build | Palisade Wall |
| 16:04 | Research | Double-Bit Axe |
| 16:05 | Queue | Villager (Male) |
| 16:06 | Queue | Archer |
| 16:11 | Queue | Villager (Male) |
| 16:41 | Queue | Archer |
| 17:01 | Age | Castle Age |
| 17:22 | Queue | Villager (Male) |
| 17:23 | Queue | Villager (Male) |
| 17:39 | Queue | Villager (Male) |
| 17:45 | Queue | Archer |
| 17:45 | Queue | Archer |
| 18:16 | Build | Mill |
| 18:18 | Queue | Archer |
| 18:23 | Queue | Archer |
| 18:23 | Queue | Archer |
| 18:38 | Queue | Villager (Male) |
| 18:43 | Research | Fletching |
| 18:43 | Research | Fletching |
| 18:47 | Build | House |
| 19:02 | Queue | Villager (Male) |
| 19:04 | Queue | Archer |
| 19:04 | Queue | Archer |
| 19:19 | Queue | Archer |
| 19:19 | Queue | Villager (Male) |
| 19:20 | Queue | Villager (Male) |
| 19:26 | Build | Archery Range |
| 19:50 | Queue | Villager (Male) |
| 19:53 | Queue | Villager (Male) |
| 20:14 | Build | House |
| 20:18 | Build | Palisade Wall |
| 20:28 | Queue | Villager (Male) |
| 20:31 | Queue | Villager (Male) |
| 20:46 | Queue | Villager (Male) |
| 20:48 | Queue | Archer |
| 20:51 | Queue | Archer |
| 20:51 | Queue | Archer |
| 20:58 | Queue | Villager (Male) |
| 21:11 | Build | Town Center |
| 21:35 | Research | Crossbowman (upgrade) |
| 21:35 | Research | Crossbowman (upgrade) |
| 21:37 | Queue | Archer |
| 21:37 | Queue | Archer |
| 21:52 | Research | Loom |
| 22:13 | Queue | Villager (Male) |
| 22:16 | Build | Mining Camp |
| 22:19 | Queue | Villager (Male) |
| 22:26 | Queue | Archer |
| 22:26 | Queue | Archer |
| 22:37 | Queue | Archer |
| 22:38 | Queue | Archer |
| 22:50 | Queue | Villager (Male) |
| 22:56 | Queue | Villager (Male) |
| 23:25 | Queue | Archer |
| 23:25 | Queue | Archer |
| 23:50 | Queue | Villager (Male) |
| 23:50 | Queue | Villager (Male) |
| 23:51 | Queue | Archer |
| 23:51 | Queue | Archer |
| 23:52 | Queue | Villager (Male) |
| 23:57 | Queue | Villager (Male) |
| 24:40 | Queue | Villager (Male) |
| 25:09 | Queue | Archer |
| 25:09 | Queue | Archer |
| 25:10 | Queue | Archer |
| 25:26 | Build | Siege Workshop |
| 25:41 | Build | Palisade Wall |
| 25:47 | Queue | Archer |
| 25:48 | Queue | Archer |
| 26:03 | Queue | Villager (Male) |
| 26:03 | Queue | Villager (Male) |
| 26:19 | Build | Farm |
| 26:22 | Build | Farm |
| 26:25 | Queue | Archer |
| 26:26 | Queue | Archer |
| 26:42 | Queue | Archer |
| 26:42 | Queue | Archer |
| 26:57 | Build | Outpost |
| 27:05 | Build | Outpost |
| 27:14 | Queue | Archer |
| 28:07 | Build | Outpost |
| 28:11 | Queue | Villager (Male) |
| 28:11 | Queue | Villager (Male) |
Build order — Dadagama
First 150 of 239 actions detected
| 0:11 | Build | Town Center |
| 1:16 | Build | House |
| 2:25 | Queue | Villager (Male) ×4 |
| 2:25 | Queue | Villager (Male) ×4 |
| 3:30 | Build | Lumber Camp |
| 3:32 | Queue | Villager (Male) |
| 3:32 | Queue | Villager (Male) |
| 3:36 | Build | House |
| 3:37 | Build | House |
| 3:37 | Build | House |
| 4:18 | Queue | Villager (Male) |
| 4:18 | Queue | Villager (Male) |
| 4:53 | Queue | Villager (Male) |
| 4:54 | Queue | Villager (Male) |
| 4:54 | Queue | Villager (Male) |
| 5:02 | Research | Loom |
| 5:23 | Queue | Villager (Male) |
| 5:24 | Queue | Villager (Male) |
| 5:24 | Queue | Villager (Male) |
| 5:45 | Build | House |
| 5:59 | Queue | Villager (Male) |
| 5:59 | Queue | Villager (Male) |
| 6:02 | Build | House |
| 6:42 | Queue | Villager (Male) |
| 6:42 | Queue | Villager (Male) |
| 7:35 | Build | Mill |
| 7:47 | Queue | Villager (Male) |
| 7:47 | Queue | Villager (Male) |
| 8:02 | Build | House |
| 8:08 | Build | House |
| 8:19 | Queue | Villager (Male) |
| 8:59 | Queue | Villager (Male) |
| 9:20 | Queue | Villager (Male) |
| 9:51 | Research | Feudal Age |
| 10:07 | Build | Barracks |
| 10:39 | Build | House |
| 10:44 | Build | House |
| 10:47 | Build | Palisade Wall |
| 10:50 | Build | Palisade Wall |
| 10:51 | Build | Palisade Wall |
| 10:53 | Build | Palisade Wall |
| 10:54 | Build | Palisade Wall |
| 11:01 | Queue | Villager (Male) |
| 11:01 | Queue | Villager (Male) |
| 11:33 | Queue | Militia |
| 11:34 | Queue | Militia |
| 11:34 | Queue | Militia |
| 12:05 | Age | Feudal Age |
| 12:05 | Queue | Villager (Male) |
| 12:05 | Queue | Villager (Male) |
| 12:18 | Research | Man-at-Arms (upgrade) |
| 12:36 | Research | Double-Bit Axe |
| 12:36 | Research | Double-Bit Axe |
| 12:37 | Research | Double-Bit Axe |
| 12:52 | Queue | Villager (Male) |
| 12:52 | Queue | Villager (Male) |
| 13:32 | Queue | Villager (Male) |
| 13:32 | Queue | Villager (Male) |
| 14:42 | Queue | Villager (Male) |
| 14:42 | Queue | Villager (Male) |
| 14:52 | Build | Mining Camp |
| 15:26 | Queue | Villager (Male) |
| 15:29 | Build | Blacksmith |
| 15:37 | Build | Market |
| 15:57 | Queue | Villager (Male) |
| 15:57 | Queue | Villager (Male) |
| 16:02 | Build | House |
| 16:09 | Build | House |
| 17:05 | Research | Castle Age |
| 17:52 | Build | Barracks |
| 18:04 | Queue | Eagle Scout |
| 18:04 | Queue | Eagle Scout |
| 18:05 | Queue | Eagle Scout |
| 18:08 | Research | Scale Mail Armor |
| 18:09 | Research | Forging |
| 18:16 | Build | House |
| 18:19 | Build | House |
| 18:27 | Queue | Villager (Male) |
| 18:27 | Queue | Villager (Male) |
| 18:37 | Build | Mill |
| 18:53 | Queue | Eagle Scout |
| 18:54 | Queue | Eagle Scout |
| 19:31 | Queue | Eagle Scout |
| 19:31 | Queue | Eagle Scout |
| 19:45 | Age | Castle Age |
| 19:59 | Queue | Villager (Male) |
| 20:00 | Queue | Villager (Male) |
| 20:28 | Research | Squires |
| 20:37 | Queue | Villager (Male) ×5 |
| 20:43 | Build | Archery Range |
| 20:47 | Build | Farm |
| 20:47 | Build | Farm |
| 20:47 | Build | Farm |
| 20:56 | Research | Bow Saw |
| 20:58 | Queue | Villager (Male) ×3 |
| 21:06 | Build | Town Center |
| 21:11 | Queue | Eagle Scout ×4 |
| 22:06 | Queue | Eagle Scout |
| 22:11 | Queue | Skirmisher |
| 22:11 | Queue | Skirmisher |
| 22:11 | Queue | Skirmisher |
| 22:16 | Build | Farm |
| 22:16 | Build | Farm |
| 22:16 | Build | Farm |
| 22:16 | Build | Farm |
| 22:17 | Build | Farm |
| 22:17 | Build | Farm |
| 22:20 | Queue | Villager (Male) ×2 |
| 22:38 | Build | Mill |
| 22:45 | Research | Gambesons |
| 22:59 | Build | Farm |
| 24:10 | Research | Chain Mail Armor |
| 24:11 | Research | Eagle Warrior (upgrade) |
| 24:12 | Queue | Eagle Scout |
| 24:17 | Queue | Skirmisher ×5 |
| 24:19 | Build | Farm |
| 24:20 | Build | Farm |
| 24:20 | Build | Farm |
| 24:20 | Build | Farm |
| 24:22 | Build | Farm |
| 24:24 | Queue | Villager (Male) ×2 |
| 25:21 | Queue | Eagle Scout ×5 |
| 25:25 | Queue | Villager (Male) ×5 |
| 25:28 | Build | House |
| 25:29 | Build | House |
| 25:29 | Build | House |
| 25:46 | Build | Town Center |
| 25:48 | Queue | Villager (Male) ×5 |
| 26:03 | Research | Fletching |
| 26:48 | Queue | Skirmisher |
| 26:48 | Queue | Skirmisher |
| 26:58 | Build | Mining Camp |
| 27:04 | Queue | Villager (Male) ×5 |
| 27:09 | Build | House |
| 27:10 | Build | House |
| 27:10 | Build | House |
| 27:11 | Build | House |
| 27:11 | Build | House |
| 27:13 | Queue | Villager (Male) ×5 |
| 27:26 | Queue | Eagle Scout ×5 |
| 27:35 | Queue | Skirmisher |
| 27:36 | Queue | Skirmisher |
| 28:01 | Build | Lumber Camp |
| 28:16 | Build | House |
| 28:17 | Build | House |
| 28:26 | Research | Iron Casting |
| 28:27 | Research | Bodkin Arrow |
| 28:33 | Queue | Skirmisher |
| 28:34 | Queue | Skirmisher |
| 28:47 | Build | Farm |
Build order — Valodimer
First 150 of 267 actions detected
| 0:27 | Build | Town Center |
| 1:49 | Build | House |
| 2:33 | Build | Settlement |
| 2:35 | Queue | Villager (Male) |
| 2:35 | Queue | Villager (Male) |
| 2:35 | Queue | Villager (Male) |
| 2:35 | Queue | Villager (Male) |
| 2:36 | Queue | Villager (Male) |
| 4:10 | Queue | Villager (Male) |
| 4:26 | Queue | Villager (Male) |
| 4:29 | Queue | Villager (Male) |
| 5:09 | Build | House |
| 5:12 | Queue | Villager (Male) |
| 5:13 | Queue | Villager (Male) |
| 5:13 | Queue | Villager (Male) |
| 5:47 | Build | House |
| 5:52 | Research | Loom |
| 5:52 | Research | Loom |
| 6:06 | Queue | Villager (Male) |
| 6:06 | Queue | Villager (Male) |
| 7:01 | Queue | Villager (Male) |
| 7:01 | Queue | Villager (Male) |
| 7:18 | Queue | Villager (Male) |
| 7:18 | Queue | Villager (Male) |
| 7:38 | Queue | Villager (Male) |
| 7:38 | Queue | Villager (Male) |
| 7:41 | Queue | Villager (Male) |
| 7:41 | Queue | Villager (Male) |
| 8:48 | Queue | Villager (Male) |
| 8:48 | Queue | Villager (Male) |
| 8:49 | Queue | Villager (Male) |
| 10:17 | Research | Feudal Age |
| 12:08 | Build | Settlement |
| 12:11 | Queue | Villager (Male) |
| 12:31 | Build | Barracks |
| 12:40 | Age | Feudal Age |
| 12:53 | Research | Double-Bit Axe |
| 13:04 | Queue | Villager (Male) |
| 13:27 | Queue | Villager (Male) |
| 13:29 | Build | Blacksmith |
| 13:45 | Queue | Villager (Male) |
| 14:00 | Build | Archery Range |
| 14:04 | Queue | Villager (Male) |
| 14:43 | Queue | Villager (Male) |
| 15:02 | Research | Fletching |
| 15:11 | Build | Archery Range |
| 15:25 | Research | Castle Age |
| 15:25 | Research | Castle Age |
| 15:56 | Research | Gold Mining |
| 16:20 | Build | House |
| 16:24 | Build | House |
| 16:55 | Build | House |
| 16:58 | Build | House |
| 17:00 | Build | House |
| 17:10 | Queue | Villager (Male) |
| 17:20 | Research | Fletching |
| 17:52 | Queue | Villager (Male) |
| 18:05 | Age | Castle Age |
| 18:07 | Queue | Bolas Rider |
| 18:07 | Queue | Bolas Rider |
| 18:18 | Build | University |
| 18:32 | Queue | Villager (Male) |
| 18:33 | Queue | Villager (Male) |
| 18:37 | Research | Bow Saw |
| 18:45 | Queue | Bolas Rider |
| 18:46 | Queue | Bolas Rider |
| 18:48 | Research | Bodkin Arrow |
| 19:23 | Build | House |
| 19:28 | Queue | Villager (Male) |
| 19:34 | Queue | Villager (Male) |
| 20:04 | Queue | Villager (Male) |
| 20:11 | Queue | Bolas Rider |
| 20:11 | Queue | Bolas Rider |
| 20:11 | Queue | Bolas Rider |
| 20:19 | Build | Town Center |
| 20:31 | Research | Wheelbarrow |
| 20:58 | Queue | Bolas Rider |
| 20:59 | Queue | Bolas Rider |
| 21:10 | Queue | Villager (Male) |
| 21:11 | Research | Town Watch |
| 21:30 | Queue | Villager (Male) |
| 21:46 | Build | House |
| 21:47 | Build | House |
| 22:13 | Queue | Villager (Male) |
| 22:14 | Queue | Villager (Male) |
| 22:15 | Queue | Villager (Male) |
| 22:16 | Queue | Villager (Male) |
| 22:17 | Queue | Villager (Male) |
| 22:17 | Queue | Villager (Male) |
| 22:47 | Research | Ballistics |
| 22:47 | Research | Ballistics |
| 23:19 | Queue | Villager (Male) |
| 23:20 | Queue | Villager (Male) |
| 23:20 | Queue | Villager (Male) |
| 23:44 | Queue | Villager (Male) |
| 23:45 | Queue | Villager (Male) |
| 23:46 | Queue | Villager (Male) |
| 23:55 | Queue | Bolas Rider ×5 |
| 23:55 | Queue | Bolas Rider ×5 |
| 23:55 | Queue | Bolas Rider |
| 23:59 | Queue | Villager (Male) |
| 24:01 | Queue | Villager (Male) |
| 24:33 | Build | Settlement |
| 24:40 | Queue | Villager (Male) |
| 24:41 | Queue | Villager (Male) |
| 25:24 | Queue | Villager (Male) |
| 25:25 | Queue | Villager (Male) |
| 25:31 | Build | Town Center |
| 25:32 | Queue | Villager (Male) |
| 25:33 | Queue | Villager (Male) |
| 25:33 | Queue | Villager (Male) |
| 25:55 | Queue | Bolas Rider ×5 |
| 25:55 | Queue | Bolas Rider ×5 |
| 25:55 | Queue | Bolas Rider ×3 |
| 25:58 | Queue | Villager (Male) |
| 26:08 | Build | House |
| 26:08 | Build | House |
| 26:08 | Build | House |
| 26:08 | Build | House |
| 26:09 | Build | House |
| 27:02 | Build | Farm |
| 27:02 | Build | Farm |
| 27:03 | Build | Farm |
| 27:03 | Build | Farm |
| 27:03 | Build | Farm |
| 27:03 | Build | Farm |
| 27:04 | Build | Farm |
| 27:08 | Research | Horse Collar |
| 27:11 | Queue | Villager (Male) |
| 27:12 | Queue | Villager (Male) |
| 27:45 | Queue | Villager (Male) |
| 27:48 | Build | Farm |
| 27:49 | Build | Farm |
| 27:49 | Build | Farm |
| 27:49 | Build | Farm |
| 27:49 | Build | Farm |
| 27:50 | Build | Farm |
| 27:51 | Queue | Villager (Male) |
| 27:52 | Queue | Villager (Male) |
| 27:58 | Queue | Villager (Male) |
| 27:58 | Queue | Villager (Male) |
| 28:24 | Queue | Villager (Male) |
| 28:25 | Queue | Villager (Male) |
| 28:25 | Queue | Villager (Male) |
| 28:27 | Research | Heavy Plow |
| 28:27 | Research | Heavy Plow |
| 28:51 | Build | Farm |
| 28:51 | Build | Farm |
| 28:51 | Build | Farm |
| 28:53 | Build | Farm |
Build order — El Wicho
First 150 of 505 actions detected
| 0:23 | Build | Town Center |
| 0:47 | Build | Settlement |
| 2:39 | Queue | Villager (Male) |
| 2:40 | Queue | Villager (Male) |
| 2:40 | Queue | Villager (Male) |
| 2:49 | Queue | Villager (Male) |
| 2:49 | Queue | Villager (Male) |
| 3:31 | Build | House |
| 3:40 | Queue | Villager (Male) |
| 3:41 | Queue | Villager (Male) |
| 3:43 | Build | House |
| 4:18 | Queue | Villager (Male) |
| 4:19 | Queue | Villager (Male) |
| 4:46 | Queue | Villager (Male) |
| 4:46 | Queue | Villager (Male) |
| 5:04 | Build | House |
| 5:11 | Queue | Villager (Male) |
| 5:11 | Queue | Villager (Male) |
| 5:33 | Queue | Villager (Male) |
| 5:34 | Queue | Villager (Male) |
| 6:13 | Build | House |
| 6:21 | Queue | Villager (Male) |
| 6:21 | Queue | Villager (Male) |
| 6:21 | Queue | Villager (Male) |
| 6:42 | Queue | Villager (Male) |
| 6:43 | Queue | Villager (Male) |
| 6:53 | Queue | Villager (Male) |
| 6:54 | Queue | Villager (Male) |
| 7:19 | Queue | Villager (Male) |
| 7:27 | Build | House |
| 7:41 | Build | Barracks |
| 7:44 | Queue | Villager (Male) |
| 7:45 | Queue | Villager (Male) |
| 7:55 | Build | Palisade Wall |
| 8:01 | Queue | Villager (Male) |
| 8:25 | Build | House |
| 8:32 | Queue | Villager (Male) |
| 8:54 | Build | House |
| 8:57 | Build | House |
| 9:58 | Build | House |
| 10:16 | Build | Settlement |
| 10:23 | Queue | Villager (Male) |
| 10:25 | Research | Feudal Age |
| 10:36 | Queue | Villager (Male) |
| 10:36 | Queue | Villager (Male) |
| 10:47 | Build | House |
| 10:56 | Queue | Villager (Male) |
| 11:02 | Build | House |
| 11:11 | Queue | Villager (Male) |
| 11:18 | Build | House |
| 11:45 | Research | Feudal Age |
| 11:58 | Build | Settlement |
| 13:17 | Build | House |
| 13:21 | Build | Palisade Gate |
| 13:23 | Build | House |
| 13:31 | Build | House |
| 13:32 | Build | House |
| 13:56 | Queue | Villager (Male) |
| 13:58 | Research | Loom |
| 14:13 | Age | Feudal Age |
| 14:21 | Build | Market |
| 14:50 | Build | Blacksmith |
| 15:03 | Queue | Villager (Male) |
| 15:34 | Research | Castle Age |
| 15:34 | Research | Castle Age |
| 15:35 | Research | Castle Age |
| 15:43 | Research | Tech 1402 |
| 15:45 | Queue | Spearman |
| 15:45 | Queue | Spearman |
| 16:06 | Queue | Villager (Male) |
| 16:15 | Research | Double-Bit Axe |
| 16:57 | Build | Settlement |
| 17:37 | Research | Horse Collar |
| 17:43 | Queue | Villager (Male) |
| 18:14 | Age | Castle Age |
| 18:23 | Build | Town Center |
| 18:42 | Queue | Villager (Male) |
| 18:49 | Research | Bow Saw |
| 19:00 | Build | Town Center |
| 19:09 | Research | Squires |
| 19:10 | Queue | Villager (Male) |
| 19:24 | Research | Horse Collar |
| 19:29 | Queue | Villager (Male) |
| 19:29 | Queue | Villager (Male) |
| 19:34 | Build | Farm |
| 19:43 | Queue | Villager (Male) |
| 19:43 | Queue | Villager (Male) |
| 19:58 | Build | Farm |
| 20:04 | Queue | Unit 2582 |
| 20:04 | Queue | Unit 2582 |
| 20:22 | Queue | Villager (Male) |
| 20:22 | Queue | Villager (Male) |
| 20:22 | Queue | Villager (Male) |
| 20:38 | Queue | Villager (Male) |
| 20:38 | Queue | Villager (Male) |
| 20:46 | Build | Town Center |
| 20:53 | Build | Farm |
| 20:57 | Build | Farm |
| 21:02 | Queue | Villager (Male) |
| 21:03 | Queue | Villager (Male) |
| 21:07 | Build | Farm |
| 21:16 | Build | Farm |
| 21:19 | Queue | Villager (Male) |
| 21:19 | Queue | Villager (Male) |
| 21:19 | Queue | Villager (Male) |
| 21:20 | Queue | Villager (Male) |
| 21:27 | Build | Farm |
| 21:28 | Queue | Villager (Male) |
| 21:28 | Queue | Villager (Male) |
| 21:43 | Build | Farm |
| 21:46 | Build | Farm |
| 21:47 | Queue | Villager (Male) |
| 21:51 | Queue | Villager (Male) |
| 21:52 | Queue | Villager (Male) |
| 21:54 | Build | Farm |
| 22:10 | Build | Farm |
| 22:12 | Queue | Villager (Male) |
| 22:12 | Queue | Villager (Male) |
| 22:18 | Build | Farm |
| 22:21 | Queue | Villager (Male) |
| 22:21 | Queue | Villager (Male) |
| 22:27 | Build | Farm |
| 22:31 | Queue | Villager (Male) |
| 22:32 | Queue | Villager (Male) |
| 22:32 | Queue | Villager (Male) |
| 22:42 | Build | Farm |
| 22:43 | Queue | Villager (Male) |
| 22:49 | Build | Farm |
| 22:50 | Queue | Villager (Male) |
| 22:50 | Queue | Villager (Male) |
| 22:58 | Build | Farm |
| 22:58 | Queue | Villager (Male) |
| 22:59 | Queue | Villager (Male) |
| 23:03 | Build | Farm |
| 23:06 | Build | Farm |
| 23:11 | Queue | Villager (Male) |
| 23:16 | Queue | Villager (Male) |
| 23:16 | Queue | Villager (Male) |
| 23:33 | Research | Town Watch |
| 23:34 | Queue | Villager (Male) |
| 23:35 | Queue | Villager (Male) |
| 23:40 | Build | Farm |
| 23:45 | Build | Farm |
| 23:49 | Build | Farm |
| 23:50 | Queue | Villager (Male) |
| 23:50 | Queue | Villager (Male) |
| 23:50 | Queue | Villager (Male) |
| 23:55 | Queue | Villager (Male) |
| 23:55 | Queue | Villager (Male) |
| 24:03 | Queue | Villager (Male) |
Build order — 狸狸
49 actions detected in the replay
| 0:42 | Build | Town Center |
| 2:52 | Research | Loom |
| 2:53 | Research | Loom |
| 3:36 | Queue | Villager (Male) |
| 3:36 | Queue | Villager (Male) |
| 4:08 | Queue | Villager (Male) |
| 4:08 | Queue | Villager (Male) |
| 4:08 | Queue | Villager (Male) |
| 4:18 | Build | House |
| 4:39 | Queue | Villager (Male) |
| 4:39 | Queue | Villager (Male) |
| 5:09 | Queue | Villager (Male) |
| 5:09 | Queue | Villager (Male) |
| 5:16 | Build | Lumber Camp |
| 5:28 | Queue | Villager (Male) |
| 5:28 | Queue | Villager (Male) |
| 5:54 | Queue | Villager (Male) |
| 5:54 | Queue | Villager (Male) |
| 6:22 | Queue | Villager (Male) |
| 6:23 | Queue | Villager (Male) |
| 6:23 | Queue | Villager (Male) |
| 6:25 | Build | House |
| 6:26 | Queue | Villager (Male) |
| 6:26 | Queue | Villager (Male) |
| 7:35 | Build | Dock |
| 7:36 | Queue | Villager (Male) |
| 7:37 | Queue | Villager (Male) |
| 7:52 | Queue | Villager (Male) |
| 7:53 | Queue | Villager (Male) |
| 8:14 | Queue | Fishing Ship |
| 8:18 | Build | House |
| 8:20 | Queue | Villager (Male) |
| 8:47 | Queue | Fishing Ship |
| 8:52 | Queue | Villager (Male) |
| 8:52 | Queue | Villager (Male) |
| 8:55 | Build | House |
| 8:58 | Build | Palisade Wall |
| 9:17 | Queue | Villager (Male) |
| 9:50 | Queue | Villager (Male) |
| 9:50 | Queue | Villager (Male) |
| 9:51 | Queue | Villager (Male) |
| 9:51 | Queue | Fishing Ship |
| 10:33 | Queue | Villager (Male) |
| 10:35 | Queue | Fishing Ship |
| 10:57 | Build | Mill |
| 11:07 | Queue | Villager (Male) |
| 11:30 | Queue | Fishing Ship |
| 11:36 | Build | House |
| 11:56 | Queue | Villager (Male) |
Match timeline
| 2:30 | commandokris · wall_segment Palisade Wall x1 |
| 2:30 | commandokris · wall_segment Palisade Wall x1 |
| 2:31 | commandokris · wall_segment Palisade Wall x1 |
| 2:32 | commandokris · wall_segment Palisade Wall x1 |
| 2:40 | commandokris · wall_segment Palisade Wall x1 |
| 6:49 | thefacelessz23 · first_building Dock |
| 7:35 | 狸狸 · first_building Dock |
| 7:41 | El Wicho · first_building Barracks |
| 7:55 | El Wicho · wall_segment Palisade Wall x1 |
| 8:58 | 狸狸 · wall_segment Palisade Wall x9 |
| 10:04 | commandokris · first_building Barracks |
| 10:07 | Dadagama · first_building Barracks |
| 10:47 | Dadagama · wall_segment Palisade Wall x1 |
| 10:50 | Dadagama · wall_segment Palisade Wall x1 |
| 10:51 | Dadagama · wall_segment Palisade Wall x1 |
| 10:53 | Dadagama · wall_segment Palisade Wall x1 |
| 10:54 | Dadagama · wall_segment Palisade Wall x1 |
| 11:20 | 自娱自乐 · first_building Barracks |
| 12:05 | Dadagama · age_up feudal |
| 12:06 | 狸狸 · resign |
| 12:07 | 三月 · first_building Barracks |
| 12:31 | Valodimer · first_building Barracks |
| 12:40 | Valodimer · age_up feudal |
| 12:45 | 自娱自乐 · age_up feudal |
| 12:46 | 自娱自乐 · first_building Archery Range |
| 12:51 | 三月 · age_up feudal |
| 12:57 | 三月 · first_building Archery Range |
| 13:43 | commandokris · age_up feudal |
| 14:00 | Valodimer · first_building Archery Range |
| 14:11 | thefacelessz23 · age_up feudal |
| 14:13 | El Wicho · age_up feudal |
| 14:52 | 三月 · wall_segment Palisade Wall x1 |
| 14:54 | 三月 · wall_segment Palisade Wall x1 |
| 15:15 | thefacelessz23 · wall_segment Palisade Wall x1 |
| 15:44 | 三月 · wall_segment Palisade Wall x1 |
| 15:45 | 三月 · wall_segment Palisade Wall x1 |
| 15:46 | 三月 · wall_segment Palisade Wall x1 |
| 15:47 | thefacelessz23 · wall_segment Palisade Wall x3 |
| 15:49 | 三月 · wall_segment Palisade Wall x1 |
| 15:50 | 三月 · wall_segment Palisade Wall x1 |
| 15:52 | 三月 · wall_segment Palisade Wall x1 |
| 16:46 | commandokris · first_market_buy 100 stone |
| 17:01 | 三月 · age_up castle |
| 17:08 | commandokris · first_market_sell 100 wood |
| 18:01 | 自娱自乐 · age_up castle |
| 18:05 | Valodimer · age_up castle |
| 18:14 | El Wicho · age_up castle |
| 18:41 | thefacelessz23 · age_up castle |
| 18:48 | thefacelessz23 · first_building Castle |
| 18:51 | El Wicho · first_market_buy 100 wood |
| 19:45 | Dadagama · age_up castle |
| 19:55 | thefacelessz23 · first_market_buy 100 wood |
| 19:58 | commandokris · age_up castle |
| 20:18 | 三月 · wall_segment Palisade Wall x5 |
| 20:43 | Dadagama · first_building Archery Range |
| 21:43 | commandokris · wall_segment Palisade Wall x6 |
| 22:06 | thefacelessz23 · first_building Barracks |
| 23:06 | 自娱自乐 · first_building Monastery |
| 23:37 | thefacelessz23 · first_building Stable |
| 25:26 | 三月 · first_building Siege Workshop |
| 25:41 | 三月 · wall_segment Palisade Wall x1 |
| 25:41 | El Wicho · first_building Monastery |
| 25:51 | commandokris · first_building Archery Range |
| 27:05 | 自娱自乐 · first_building Stable |
| 27:35 | El Wicho · first_building Castle |
| 28:48 | 自娱自乐 · first_building Castle |
| 28:49 | El Wicho · first_building Archery Range |
| 29:05 | commandokris · first_building Castle |
| 32:48 | El Wicho · age_up imperial |
| 32:55 | Dadagama · first_building Castle |
| 34:03 | 自娱自乐 · age_up imperial |
| 34:24 | thefacelessz23 · first_market_sell 100 wood |
| 36:31 | El Wicho · first_building Siege Workshop |
| 36:38 | Valodimer · first_building Castle |
| 37:00 | 自娱自乐 · first_building Siege Workshop |
| 37:18 | 自娱自乐 · first_market_sell 500 wood |
| 37:46 | thefacelessz23 · age_up imperial |
| 37:48 | commandokris · first_building Stable |
| 37:50 | Dadagama · first_market_buy 100 food |
| 38:25 | Dadagama · age_up imperial |
| 40:42 | commandokris · age_up imperial |
| 40:58 | Dadagama · tribute_sent a jugador 1 |
| 40:58 | Dadagama · tribute_sent a jugador 2 |
| 40:58 | Dadagama · tribute_sent a jugador 3 |
| 40:58 | Dadagama · tribute_sent a jugador 5 |
| 40:58 | Dadagama · tribute_sent a jugador 6 |
| 40:58 | Dadagama · tribute_sent a jugador 7 |
| 40:58 | Dadagama · tribute_sent a jugador 8 |
| 41:15 | Valodimer · age_up imperial |
| 42:51 | Dadagama · tribute_sent a jugador 1 |
| 42:51 | Dadagama · tribute_sent a jugador 2 |
| 42:51 | Dadagama · tribute_sent a jugador 3 |
| 42:51 | Dadagama · tribute_sent a jugador 5 |
| 42:51 | Dadagama · tribute_sent a jugador 6 |
| 42:51 | Dadagama · tribute_sent a jugador 7 |
| 42:51 | Dadagama · tribute_sent a jugador 8 |
| 43:59 | Dadagama · tribute_sent a jugador 1 |
| 43:59 | Dadagama · tribute_sent a jugador 2 |
| 43:59 | Dadagama · tribute_sent a jugador 3 |
| 43:59 | Dadagama · tribute_sent a jugador 5 |
| 43:59 | Dadagama · tribute_sent a jugador 6 |
| 43:59 | Dadagama · tribute_sent a jugador 7 |
| 43:59 | Dadagama · tribute_sent a jugador 8 |
[ AI ANALYSIS · 1 CREDIT ]
What really happened in this match?
Wolo.gg analyzes every decision: build order, eco, micro, common mistakes by bracket. Personalized analysis on WhatsApp or Discord in 30 seconds.
Civ guide
Saracens
Perfil
Jugador #23739728